 Dungeon Crawl Stone Soup version 0.29.0-5-ge4962eb29e (webtiles) character file.

Game seed: 4636394309426254822

170 unlimited1921 the Magician (level 5, -5/35 HPs)
             Began as a Djinni Fire Elementalist on Aug 30, 2022.
             Killed by nerve-wracking pain
             ... invoked by Grinder
              (12 damage)
             ... on level 3 of the Dungeon.
             The game lasted 00:08:22 (4020 turns).

unlimited1921 the Magician (DjFE)                   Turns: 4020, Time: 00:08:24

Health: -5/35      AC:  4    Str:  7    XL:     5   Next: 80%
Gold:   100        EV: 12    Int: 18    God:
                   SH:  0    Dex: 14

rFire   + + .      SeeInvis .   b - +0 long sword (vorpal)
rCold   x . .      Faith    .   (no shield)
rNeg    . . .      Spirit   .   h - +0 leather armour
rPois   ∞          Reflect  .   j - +0 helmet
rElec   .          Harm     .   (no cloak)
rCorr   .          Rampage  .   (no gloves)
Will    .....                   (boots unavailable)
Stlth   ++........              (no amulet)
HPRegen 0.11/turn               (no ring)
MPRegen 0.00/turn               (no ring)

@: flying
A: sickness immunity, fire resistance 2, cold vulnerability 1, float, innate
caster, HP casting, extra vitality 1
a: no special abilities


You were on level 3 of the Dungeon.
You visited 1 branch of the dungeon, and saw 3 of its levels.

You collected 100 gold pieces.

Inventory:

Hand Weapons
 b - a +0 vorpal long sword (weapon)
 l - a +2 dagger of venom
Missiles
 c - 3 stones
 m - 4 poisoned darts (quivered)
Armour
 a - a +0 robe
 h - a +0 leather armour (worn)
 j - a +0 helmet (worn)
Scrolls
 d - 4 scrolls of identify
 e - 4 scrolls of teleportation {unknown}
 i - a scroll of poison
 o - 2 scrolls of blinking
 p - a scroll of immolation


   Skills:
 + Level 0.3 Fighting
 + Level 0.9 Long Blades
 + Level 1.5 Armour
 + Level 2.9 Dodging
 + Level 2.2 Stealth
 * Level 3.7 Spellcasting


You couldn't memorise any spells.
You knew the following spells:

 Your Spells              Type           Power      Damage    Failure   Level
a - Foxfire               Conj/Fire      64%        2x1d7     4%          1
b - Scorch                Fire           32%        2d7       7%          2
c - Conjure Flame         Conj/Fire      16%        6-21      14%         3
d - Inner Flame           Hex/Fire       16%        N/A       14%         3
e - Flame Wave            Conj/Fire      16%        2d7       43%         4
f - Freeze                Ice            64%        1d8       4%          1
g - Ensorcelled Hibernat  Hex/Ice        32%        N/A       7%          2
Your spell library was empty.

Dungeon Overview and Level Annotations

Branches:
Dungeon (3/15)

Altars:

Annotations:
D:3 2 runed translucent doors, Arex's ghost, amateur DgHu; Grinder


Innate Abilities, Weirdness & Mutations

You are immune to sickness and miasma.
You are immune to poison.
Your flesh is very heat resistant. (rF++)
You are vulnerable to cold. (rC-)
You float through the air rather than walking.
You learn spells naturally, not from books.
Your magical power is your life essence.
You have superior vitality. (+4 MHP)


Message History

Grinder is lightly wounded.
The foxfire hits Grinder.
Grinder is lightly wounded.
The foxfire hits Grinder but does no damage.
Grinder is lightly wounded.
Your magical contamination has completely faded away.
Casting: Foxfire (safe; 4% risk of failure)
Confirm with . or Enter, or press ? or * to list all spells.
You conjure some foxfire!
Your foxfire dissipates! x2
You see here a scorpion corpse.
Casting: Foxfire (safe; 4% risk of failure)
Confirm with . or Enter, or press ? or * to list all spells.
You conjure some foxfire!
Your foxfire dissipates! x2
Casting: Foxfire (safe; 4% risk of failure)
Confirm with . or Enter, or press ? or * to list all spells.
You conjure some foxfire!
The foxfire hits Grinder but does no damage.
Grinder is lightly wounded.
The foxfire hits Grinder.
Grinder is moderately wounded.
Casting: Foxfire (safe; 4% risk of failure)
Confirm with . or Enter, or press ? or * to list all spells.
Flames lash Grinder.
Grinder is moderately wounded.
Grinder's fire resistance burns away.
* * * LOW HITPOINT WARNING * * *
The foxfire hits Grinder but does no damage.
Grinder is moderately wounded.
The foxfire hits Grinder but does no damage.
Grinder is moderately wounded.
Casting: Scorch (safe; 7% risk of failure)
Confirm with . or Enter, or press ? or * to list all spells.
Flames lash Grinder.
Grinder is burned terribly!
Grinder is severely wounded.
* * * LOW HITPOINT WARNING * * *
Grinder gestures at you. Pain shoots through your body!
You die...

#.......#..........#
#.......#..........#
#.....#.§.#........#
#...#...§...#...#.###
..#.........5§#.#...#
......#......#...#
...#§..####.....
####.#5.....##..##
#.§@§..........
##.#§##..#...##
#.#.##.#...##
#)#.##....##
#.#.#####(# ....# ..
..... .. ....# ...
...#


You could see Grinder (combustible).

Vanquished Creatures
  A scorpion (D:3)
  Jessica (D:2)
  An adder (D:2)
  3 gnolls (D:3)
  A worm (D:2)
  An orc (D:3)
  2 bats
  7 endoplasms
  A giant cockroach (D:3)
  3 goblins (D:1)
  2 hobgoblins (D:1)
  3 jackals (D:3)
  4 kobolds
  A quokka (D:1)
  3 ball pythons
  2 frilled lizards (D:1)
  5 rats
41 creatures vanquished.

Vanquished Creatures (collateral kills)
  A foxfire (D:3)
1 creature vanquished.

Vanquished Creatures (others)
  109 foxfires
109 creatures vanquished.

Grand Total: 151 creatures vanquished

Notes
Turn   | Place    | Note
-------+----------+-------------------------------------------
     0 | D:1      | unlimited1921 the Djinni Fire Elementalist began the quest
                  | for the Orb.
     0 | D:1      | unlimited1921 set off with the following spells memorised:
                  | Foxfire, Scorch, Conjure Flame, Inner Flame, Flame Wave.
     0 | D:1      | Reached XP level 1. HP: 15/15 MP: 0/0
   545 | D:1      | Reached XP level 2. HP: 18/21 MP: 0/0
  1531 | D:1      | Reached XP level 3. HP: 25/25 MP: 0/0
  1531 | D:1      | Learned a level 1 spell: Freeze
  2436 | D:2      | Noticed Jessica
  2458 | D:2      | Killed Jessica
  2459 | D:2      | Reached skill level 3 in Spellcasting
  2459 | D:2      | Reached XP level 4. HP: 25/31 MP: 0/0
  3498 | D:3      | Found a large runed translucent door.
  3499 | D:3      | Found a large runed translucent door.
  3502 | D:3      | Noticed Arex's ghost (amateur DgHu)
  3673 | D:3      | Reached skill level 1 in Armour
  3673 | D:3      | Reached XP level 5. HP: 9/35 MP: 0/0
  3673 | D:3      | Learned a level 2 spell: Ensorcelled Hibernation
  4007 | D:3      | Noticed Grinder
  4020 | D:3      | Killed from afar by Grinder

Illustrated notes

Levels and vault maps discovered:
D:1:      ebering_hopf_link, layout_basic
D:2:      layout_basic, uniq_jessica
D:3:      layout_loops_cross, minitemple, ebering_ghost_disaster_area,
          chequers_serial_rivers_micro_b, minmay_misc_feat_more_columns,
          uniq_grinder

Skill      XL: |  1  2  3  4 |
---------------+-------------+-----
Spellcasting   | 3 |  3.7
Stealth        | 2 |  2.2
Armour         | 1 |  1.5
Fighting       | |  0.3
Long Blades    | |  0.9
Dodging        | |  2.9

Action                   |  1- 3 |  4- 6 || total
-------------------------+-------+-------++-------
Melee: Unarmed           |     1 |       ||     1
       Long sword        |    28 |     4 ||    32
Throw: Dart              |       |     1 ||     1
 Cast: Foxfire           |    19 |    49 ||    68
       Scorch            |     1 |     6 ||     7
  Use: Potion            |       |     4 ||     4
       Scroll            |       |     3 ||     3
 Stab: Sleeping          |     3 |     2 ||     5
       Distracted        |       |     1 ||     1
Armor: Robe              |     3 |       ||     3
       Skin              |       |     7 ||     7
       Leather armour    |       |     3 ||     3
Dodge: Dodged            |    22 |     5 ||    27
